 Dungeon Crawl Stone Soup version 0.30.1-4-g462c640d31 (webtiles) character file.

Game seed: 16563237335293743742

44 Peloso the Covered (level 3, -3/33 HPs)
             Began as a Minotaur Fighter on Aug 14, 2023.
             Slain by a cerulean imp
             ... wielding a +1 spear
             ... summoned by Natasha
              (5 damage)
             ... on level 2 of the Dungeon.
             The game lasted 00:02:00 (859 turns).

Peloso the Covered (Minotaur Fighter)                Turns: 859, Time: 00:02:00

Health: -3/33      AC:  7    Str: 20    XL:     3   Next: 39%
Magic:  2/2        EV:  9    Int:  5    God:
Gold:   63         SH:  4    Dex: 11    Spells: 2/2 levels left

rFire   . . .        a - +0 long sword
rCold   . . .        c - +0 buckler
rNeg    . . .        b - +0 scale mail
rPois   .            (helmet restricted)
rElec   .            (no cloak)
rCorr   .            (no gloves)
SInv    .            (no boots)
Will    .....        (no amulet) Stlth
                     (no ring)
HPRegen 0.25/turn    (no ring)
MPRegen 0.08/turn

%: no passive effects
@: no status effects
A: horns 2, retaliatory headbutt
a: no special abilities


You were on level 2 of the Dungeon.
You visited 1 branch of the dungeon, and saw 2 of its levels.

You collected 63 gold pieces.

Inventory:

Hand Weapons
 a - a +0 long sword (weapon)
Armour
 b - a +0 scale mail (worn)
 c - a +0 buckler (worn)
Scrolls
 e - 2 scrolls of teleportation {unknown}
 f - a scroll of enchant armour {unknown}
 g - 3 scrolls of identify {unknown}
 h - a scroll of amnesia {unknown}
 i - a scroll of blinking {unknown}
 k - a scroll of fear {unknown}
Potions
 d - a potion of might
 j - a potion of curing


   Skills:
 + Level 4.1 Fighting
 + Level 3.0 Long Blades
 + Level 4.2 Armour
 + Level 0.4 Dodging
 + Level 4.1 Shields


You had 2 spell levels left.
You didn't know any spells.
Your spell library was empty.

Dungeon Overview and Level Annotations

Branches:
Dungeon (2/15)

Altars:

Shops:
D:1 =

Annotations:
D:2 Natasha


Innate Abilities, Weirdness & Mutations

You have a pair of horns on your head.
You reflexively headbutt those who attack you in melee.


Message History

Natasha claws you. You block the cerulean imp's attack.
The cerulean imp misses you.
Natasha casts a spell.
You closely miss Natasha.
Natasha is lightly wounded.
The cerulean imp closely misses you.
The cerulean imp hits you but does no damage.
Natasha claws you but does no damage. You block the cerulean imp's attack.
You barely miss Natasha.
Natasha is lightly wounded.
The cerulean imp hits you but does no damage.
Natasha claws you but does no damage.
The cerulean imp hits you from afar with a +1 spear.
The cerulean imp barely misses you.
You barely miss Natasha.
Natasha is lightly wounded.
Natasha claws you.
The cerulean imp hits you but does no damage.
The cerulean imp misses you.
The cerulean imp hits you but does no damage.
You barely miss Natasha.
Natasha is lightly wounded.
Natasha claws you.
The cerulean imp hits you from afar with a +2 spear.
The cerulean imp hits you from afar with a +1 spear.
The cerulean imp barely misses you.
Natasha mewls in sadness.
Natasha claws you but does no damage.
The cerulean imp hits you from afar with a +1 spear.
* * * LOW HITPOINT WARNING * * *
The cerulean imp hits you from afar with a +2 spear.
* * * LOW HITPOINT WARNING * * *
You hit Natasha. You headbutt Natasha!
Natasha is severely wounded.
The cerulean imp hits you but does no damage.
Natasha claws you.
* * * LOW HITPOINT WARNING * * *
The cerulean imp misses you.
The cerulean imp hits you from afar with a +1 spear.
You die... #######..#.# #.# #.#.# #..#.# #.# #.#.# #..#.###+######.#.# #..#.#....$.. #.# #..#.#...... #.# #..#.#..... #.# .####.# 555

#.# .#.# #.#
#h# #.#
#.#.##.###@#
#.#########
#.#.#.....#
#..........
#........#
#..########
##.......#
#..#
###.....#
#..# #.....#
#.)# #.....#
#..# #.....#
#..# #.....#
#..########


You could see Natasha and 3 cerulean imps.

Vanquished Creatures
  2 dart slugs (D:1)
  5 ball pythons (D:1)
  2 endoplasms (D:1)
  4 giant cockroaches (D:1)
  3 goblins
  A hobgoblin (D:1)
  2 jackals (D:1)
  A quokka (D:1)
  3 bats (D:1)
  5 frilled lizards (D:1)
  5 kobolds
  4 rats
37 creatures vanquished.

Notes
Turn   | Place    | Note
-------+----------+-------------------------------------------
     0 | D:1      | Peloso the Minotaur Fighter began the quest for the Orb.
     0 | D:1      | Reached XP level 1. HP: 19/19 MP: 0/0
   168 | D:1      | Reached XP level 2. HP: 27/27 MP: 1/1
   250 | D:1      | Found Qubram's Jewellery Boutique.
   455 | D:1      | Reached XP level 3. HP: 33/33 MP: 2/2
   455 | D:1      | Found a faded altar of an unknown god.
   848 | D:2      | Noticed Natasha
   859 | D:2      | Slain by a cerulean imp

Illustrated notes

Levels and vault maps discovered:
D:1:      lightli_arrival_chessboard, layout_basic, serial_shops,
          nicolae_lakefront_shop, chequers_ecumenical_altar_simple_redux,
          minmay_split_cup_large
D:2:      minmay_inner_zag, layout_basic, uniq_natasha

Skill      XL: |  1  2  3 |
---------------+----------+-----
Armour         | 4 |  4.2
Fighting       | 4 |  4.1
Shields        | 4 |  4.1
Long Blades    | 3 |  3.0
Dodging        | |  0.4

Action                     || total
---------------------------++-------
  Melee: Long sword        ||    91
         Headbutt          ||    12
    Use: Potion            ||     5
 Armour: Scale mail        ||    67
  Dodge: Dodged            ||    55
  Block: Buckler           ||    21
